 Dungeon Crawl Stone Soup version 0.31.0-12-g77e489cdc1 (webtiles) character file.

Game seed: 5401668969403397578

504 Blunderbred the Sneak (level 7, -1/46 HPs)
             Began as an Octopode Brigand on Mar 2, 2024.
             Was an Initiate of Dithmenos.
             Slain by a jelly (3 damage)
             ... on level 5 of the Dungeon.
             The game lasted 00:23:40 (3540 turns).

Blunderbred the Sneak (Octopode Brigand)            Turns: 3540, Time: 00:23:40

Health: -1/46      AC: -13   Str: 10    XL:     7   Next: 17%
Magic:  7/7        EV: 14    Int: 13    God:    Dithmenos [......]
Gold:   292        SH:  0    Dex: 16    Spells: 6/6 levels left

rFire   . . .        a - +2 dagger
rCold   + . .        (no shield)
rNeg    . . .        g - +2 hat
rPois   .            (no amulet)
rElec   .            k - ring of protection from cold
rCorr   .            (no ring)
SInv    .            (no ring)
Will    .....        (no ring)
Stlth   +++++        (no ring)
HPRegen 0.27/turn    (no ring)
MPRegen 0.10/turn    (no ring)
                     (no ring)

%: no passive effects
@: corroded
A: almost no armour, amphibious, 8 rings, camouflage 1, gelatinous body 1,
(nimble swimmer 1), tentacles
a: Renounce Religion


You were on level 5 of the Dungeon.
You worshipped Dithmenos.
Dithmenos was noncommittal.
You visited 2 branches of the dungeon, and saw 6 of its levels.

You collected 292 gold pieces.

Inventory:

Hand Weapons
 a - a +2 dagger (weapon)
Missiles
 b - 5 poisoned darts (quivered)
 c - 3 curare-tipped darts
Armour
 g - a +2 hat (worn)
Jewellery
 k - a ring of protection from cold (left tentacle)
 m - a ring of fire
Scrolls
 d - a scroll of fear {unknown}
 f - 2 scrolls of enchant armour
 i - a scroll of revelation {unknown}
 l - a scroll of amnesia {unknown}
 o - a scroll of blinking {unknown}
Potions
 e - a potion of invisibility
 j - 2 potions of haste
 n - a potion of degeneration
 p - a potion of might {unknown}
 q - a potion of resistance
 r - a potion of brilliance {unknown}


   Skills:
 + Level 3.1 Fighting
 + Level 3.4 Short Blades
 + Level 4.1 Throwing
 * Level 3.0 Dodging
 * Level 7.8 Stealth


You had 6 spell levels left.
You didn't know any spells.
Your spell library contained the following spells:

 Spells                   Type           Power      Damage    Failure   Level
 Apportation              Tloc           0%         N/A       30%         1
 Necrotise                Necr           0%         1d4       30%         1
 Sting                    Conj/Alch      0%         1d3       30%         1
 Summon Small Mammal      Summ           0%         N/A       30%         1
 Tukima's Dance           Hex            0%         N/A       67%         3
 Passage of Golubria      Tloc           0%         N/A       97%         4
 Yara's Violent Unravell  Hex/Alch       0%         3d3       100%        5


Dungeon Overview and Level Annotations

Branches:
Dungeon (5/15)             Temple (1/1) D:4

Altars:
Ashenzari
Cheibriados
Dithmenos
Elyvilon
Fedhas
Gozag
Kikubaaqudgha
Nemelex Xobeh
Trog
Vehumet
Wu Jian
Xom
Yredelemnul

Shops:
D:4 [


Innate Abilities, Weirdness & Mutations

You cannot wear most types of armour.
You are amphibious.
You can wear up to eight rings at the same time.
Your skin changes colour to match your surroundings (Stealth+).
Your rubbery body absorbs attacks. (AC +1, EV +1)
((You are camouflaged when in or above water. (Stealth+)))
You have tentacles for arms and can constrict up to eight enemies at once.


Message History

Found 5 gold pieces.
The jelly hits you.
You are splashed with acid!
You hit the jelly but do no damage.
Your tentacles burn!
The jelly hits you.
You are splashed with acid.
You hit the jelly. The acid corrodes you!
Your tentacles burn!
The jelly is moderately wounded.
The jelly closely misses you.
You feel better. The jelly completely misses you.
You feel better. The jelly hits you.
You are splashed with acid.
You hit the jelly but do no damage.
Your tentacles burn!
You squeeze the jelly.
The jelly is moderately wounded.
The jelly closely misses you.
You barely miss the jelly. You squeeze the jelly.
The jelly is heavily wounded.
The jelly completely misses you.
You hit the jelly but do no damage.
Your tentacles burn!
The jelly is heavily wounded.
The jelly barely misses you.
You hit the jelly.
Your tentacles burn!
You squeeze the jelly!
The jelly is almost dead.
You hit the jelly but do no damage.
Your tentacles burn!
You squeeze the jelly, but do no damage.
The jelly is almost dead.
The jelly hits you. The acid corrodes you!
You are splashed with acid!
* * * LOW HITPOINT WARNING * * *
You feel better. The jelly barely misses you.
You feel better. The jelly hits you. The acid corrodes you!
You are splashed with acid!
You hit the jelly but do no damage. The acid corrodes you!
Your tentacles burn!
The jelly is almost dead.
The jelly hits you.
* * * LOW HITPOINT WARNING * * *
The acid corrodes you!
You are splashed with acid!
* * * LOW HITPOINT WARNING * * *
You hit the jelly but do no damage. The acid corrodes you!
Your tentacles burn!
* * * LOW HITPOINT WARNING * * *
You squeeze the jelly, but do no damage.
The jelly is almost dead.
The jelly hits you.
You die...

###... #######
##....#
.#....####....##
##.##.#..#....###
#.##.##......#####
#..#).####..## #..
##$##.## #...# #..
#J.#..# ##..###..
##@##.# #...###.
#.##.## ##..###.
#...).# #...##.
####### #..### ..#
#..... ...#
##.).##
....#####..###
#....##..)..#
#......)..#


You could see a jelly.

Vanquished Creatures
  2 ogres
  A howler monkey (D:4)
  A gnoll bouda (D:5)
  An iguana (D:4)
  An orc wizard (D:5)
  A sleepcap (D:5)
  7 adders
  7 dart slugs
  3 ribbon worms (D:2)
  2 orcs (D:5)
  14 ball pythons
  9 bats
  12 endoplasms
  4 giant cockroaches
  3 goblins
  10 hobgoblins
  3 jackals
  4 quokkas
  7 frilled lizards
  7 kobolds
  14 rats
113 creatures vanquished.

Notes
Turn   | Place    | Note
-------+----------+-------------------------------------------
     0 | D:1      | Blunderbred the Octopode Brigand began the quest for the
                  | Orb.
     0 | D:1      | Reached XP level 1. HP: 14/14 MP: 1/1
    62 | D:1      | Reached XP level 2. HP: 19/19 MP: 2/2
   285 | D:1      | Reached skill level 6 in Stealth
   322 | D:1      | Reached XP level 3. HP: 23/24 MP: 3/3
   987 | D:2      | Reached XP level 4. HP: 29/29 MP: 4/4
  1747 | D:3      | Found a faded altar of an unknown god.
  1814 | D:3      | Reached XP level 5. HP: 33/35 MP: 5/5
  2624 | D:4      | Found an ornate altar of the Wu Jian Council.
  2756 | D:4      | Reached skill level 7 in Stealth
  2804 | D:4      | Reached XP level 6. HP: 41/41 MP: 6/6
  2875 | D:4      | Found Fozaff's Antique Armour Emporium.
  3169 | D:4      | Found a staircase to the Ecumenical Temple.
  3178 | Temple   | Entered the Ecumenical Temple
  3204 | Temple   | Became a worshipper of Dithmenos the Shadowed
  3371 | D:5      | Entered Level 5 of the Dungeon
  3522 | D:5      | Reached XP level 7. HP: 46/46 MP: 7/7
  3540 | D:5      | HP: 1/46 [acid (4)]
  3540 | D:5      | Slain by a jelly

Illustrated notes

Levels and vault maps discovered:
D:1:      dpeg_arrival_round_c, layout_basic
D:2:      layout_basic, minmay_pentomino_w4
D:3:      layout_basic, shapermc_ecumenical_altar_starsandcircs,
          kennysheep_cross_room, kennysheep_flooded_box
D:4:      layout_loops_ring, nicolae_wu_jian_wuxing_cycle,
          lemuel_temple_firewalk_a, serial_shops, shop, amcnicky_mini_pool_small
D:5:      minmay_angry_zag, layout_cave_pods, nicolae_ru_path_of_blood
Temple:   nicolae_temple_godzebo

Skill      XL: |  1  2  3  4  5  6 |
---------------+-------------------+-----
Stealth        | 6 7 |  7.8
Throwing       | 3 4 |  4.1
Dodging        | 2 3 |  3.0
Short Blades   | 3 |  3.4
Fighting       | 3 |  3.1

Action                     |  1- 3 |  4- 6 |  7- 9 || total
---------------------------+-------+-------+-------++-------
  Melee: Dagger            |    60 |   152 |     9 ||   221
         Constrict         |    15 |    28 |       ||    43
         Tentacles         |    12 |    36 |     5 ||    53
  Throw: Dart              |    44 |    63 |       ||   107
  Evoke: Wand              |       |     1 |       ||     1
    Use: Scroll            |     2 |     6 |       ||     8
         Potion            |       |     3 |     4 ||     7
   Stab: Sleeping          |    10 |    13 |       ||    23
         Distracted        |       |     1 |       ||     1
 Armour: Skin              |    27 |    58 |     7 ||    92
  Dodge: Dodged            |    28 |    69 |     6 ||   103
